TOP OF THE 1ST |
St. Pete Cardinals batting - Pitching for Port Lavaca Indians : RHP Toby Blythe
|
Pitching: RHP Toby Blythe
|
|
Batting: RHB John Roberts
|
0-0: Ball 1-0: Foul Ball, location: 2F 1-1: Ball 2-1: Fly out, F2 (Popup, 2RF, EV 92.5 MPH)
|
Batting: RHB Victor Jimenez
|
0-0: Called Strike 0-1: Called Strike 0-2: Strikes out swinging
|
Batting: RHB Joe Scime
|
0-0: Called Strike 0-1: Swinging Strike 0-2: Ball 1-2: Foul Ball, location: 2F 1-2: Ground out 6-3 (Groundball, 6, EV 103.1 MPH)
|
Top of the 1st over - 0 runs, 0 hits, 0 errors, 0 left on base; St. Pete 0 - Port Lavaca 0 |
BOTTOM OF THE 1ST |
Port Lavaca Indians batting - Pitching for St. Pete Cardinals : LHP Hugo Torre
|
Pitching: LHP Hugo Torre
|
|
Batting: RHB Geoff Petersen
|
0-0: Swinging Strike 0-1: Ball 1-1: Swinging Strike 1-2: Strikes out swinging
|
Batting: RHB Robert Mills
|
0-0: Called Strike 0-1: SINGLE (Groundball, 56D, EV 108.8 MPH)
|
Batting: LHB Wally Joyner
|
0-0: Called Strike 0-1: Ball 1-1: Called Strike 1-2: Ball 2-2: DOUBLE (Line Drive, 89D, EV 104.4 MPH) Robert Mills to third Runner from 3rd tries for Home, SAFE, throw by CF to home
|
Batting: SHB John Rigos
|
0-0: Ground out 4-3 (Groundball, 4M, EV 79.4 MPH) Wally Joyner to third
|
Batting: RHB Robbie Wine
|
0-0: Ball 1-0: Ball 2-0: Foul Ball, location: 2F 2-1: Ball 3-1: Foul Ball, location: 2F 3-2: Strikes out looking
|
Bottom of the 1st over - 1 run, 2 hits, 0 errors, 1 left on base; St. Pete 0 - Port Lavaca 1 |
TOP OF THE 2ND |
St. Pete Cardinals batting - Pitching for Port Lavaca Indians : RHP Toby Blythe
|
Batting: SHB Mickey Riley
|
0-0: Called Strike 0-1: Ball 1-1: Called Strike 1-2: Ground out 3-1 (Groundball, 34, EV 85.0 MPH)
|
Batting: RHB John Marquardt
|
0-0: Ball 1-0: Ground out 1-3 (Groundball, 15S, EV 68.1 MPH)
|
Batting: RHB Sal Agostinelli
|
0-0: Ball 1-0: Ball 2-0: Ground out 1-3 (Groundball, 15S, EV 66.3 MPH)
|
Top of the 2nd over - 0 runs, 0 hits, 0 errors, 0 left on base; St. Pete 0 - Port Lavaca 1 |
BOTTOM OF THE 2ND |
Port Lavaca Indians batting - Pitching for St. Pete Cardinals : LHP Hugo Torre
|
Batting: LHB William Tirado
|
0-0: Ball 1-0: Called Strike 1-1: Ball 2-1: Ground out 3-1 (Groundball, 34, EV 100.6 MPH)
|
Batting: SHB Ruben Sierra
|
0-0: SINGLE (Line Drive, 89S, EV 95.0 MPH)
|
Batting: RHB Jeffrey Rhodes
|
0-0: Ball 1-0: Foul Ball, location: 2F 1-1: Called Strike 1-2: Strikes out swinging
|
Batting: RHB Richard Johnson
|
0-0: Ball 1-0: Ball 2-0: Called Strike 2-1: Ball 3-1: Ground out 4-3 (Groundball, 4, EV 83.8 MPH)
|
Bottom of the 2nd over - 0 runs, 1 hit, 0 errors, 1 left on base; St. Pete 0 - Port Lavaca 1 |
TOP OF THE 3RD |
St. Pete Cardinals batting - Pitching for Port Lavaca Indians : RHP Toby Blythe
|
Batting: RHB Omar Interiano
|
0-0: Ground out 5-3 (Groundball, 56, EV 101.9 MPH)
|
Batting: RHB Jose Mantilla
|
0-0: Ball 1-0: Fly out, F9 (Flyball, 9, EV 81.3 MPH)
|
Batting: RHB Carlos Garcia
|
0-0: Called Strike 0-1: Foul Ball, location: 2F 0-2: Ground out 4-3 (Groundball, 34, EV 102.5 MPH)
|
Top of the 3rd over - 0 runs, 0 hits, 0 errors, 0 left on base; St. Pete 0 - Port Lavaca 1 |
BOTTOM OF THE 3RD |
Port Lavaca Indians batting - Pitching for St. Pete Cardinals : LHP Hugo Torre
|
Batting: RHB Geoff Petersen
|
0-0: Ball 1-0: Ball 2-0: Called Strike 2-1: Fly out, F9 (Flyball, 9D, EV 104.4 MPH)
|
Batting: RHB Robert Mills
|
0-0: Foul Ball, location: 2F 0-1: Foul Ball, location: 2F 0-2: Strikes out swinging
|
Batting: LHB Wally Joyner
|
0-0: Ball 1-0: Ball 2-0: Ball 3-0: Called Strike 3-1: Foul Ball, location: 2F 3-2: Foul Ball, location: 2F 3-2: Base on Balls
|
Batting: SHB John Rigos
|
0-0: Ball 1-0: Ball 2-0: Called Strike 2-1: Ball 3-1: Called Strike 3-2: DOUBLE (Line Drive, 7LD, EV 113.8 MPH) Wally Joyner to third Wally Joyner scores
|
Batting: RHB Robbie Wine
|
0-0: Called Strike 0-1: Fly out, F7 (Flyball, 7LM, EV 91.9 MPH)
|
Bottom of the 3rd over - 1 run, 1 hit, 0 errors, 1 left on base; St. Pete 0 - Port Lavaca 2 |
TOP OF THE 4TH |
St. Pete Cardinals batting - Pitching for Port Lavaca Indians : RHP Toby Blythe
|
Batting: RHB John Roberts
|
0-0: Called Strike 0-1: Swinging Strike 0-2: Ball 1-2: Ball 2-2: Ground out 4-3 (Groundball, 4, EV 91.3 MPH)
|
Batting: RHB Victor Jimenez
|
0-0: Called Strike 0-1: Ball 1-1: Ball 2-1: Ball 3-1: Base on Balls
|
Batting: RHB Joe Scime
|
0-0: Foul Ball, location: 2F 0-1: Ball 1-1: Ball 2-1: Foul Ball, location: 2F 2-2: Ball 3-2: Base on Balls Victor Jimenez to second
|
Batting: SHB Mickey Riley
|
0-0: Ball 1-0: Ball 2-0: Swinging Strike 2-1: Ball 3-1: Called Strike 3-2: SINGLE (Groundball, 4MD, EV 95.6 MPH) Victor Jimenez to third Joe Scime to second Runner from 3rd tries for Home, SAFE, throw by CF to home
|
Batting: RHB John Marquardt
|
0-0: Ball 1-0: Fielders Choice at 2nd, 4-6 (Groundball, 4, EV 96.9 MPH) Joe Scime to third
|
Batting: RHB Sal Agostinelli
|
0-0: Called Strike 0-1: Fielders Choice at 2nd, 5-4 (Groundball, 5, EV 84.4 MPH)
|
Top of the 4th over - 1 run, 1 hit, 0 errors, 2 left on base; St. Pete 1 - Port Lavaca 2 |
BOTTOM OF THE 4TH |
Port Lavaca Indians batting - Pitching for St. Pete Cardinals : LHP Hugo Torre
|
Batting: LHB William Tirado
|
0-0: Ball 1-0: Fly out, F7 (Flyball, 78D, EV 95.6 MPH)
|
Batting: SHB Ruben Sierra
|
0-0: Ball 1-0: Foul Ball, location: 2F 1-1: Foul Ball, location: 2F 1-2: Strikes out looking
|
Batting: RHB Jeffrey Rhodes
|
0-0: Ball 1-0: DOUBLE (Line Drive, 9LM, EV 105.6 MPH)
|
Batting: RHB Richard Johnson
|
0-0: Called Strike 0-1: Ball 1-1: Ball 2-1: Ball 3-1: Base on Balls
|
Batting: RHB Geoff Petersen
|
0-0: Called Strike 0-1: Ball 1-1: Foul Ball, location: 2F 1-2: Ball 2-2: Strikes out swinging
|
Bottom of the 4th over - 0 runs, 1 hit, 0 errors, 2 left on base; St. Pete 1 - Port Lavaca 2 |
TOP OF THE 5TH |
St. Pete Cardinals batting - Pitching for Port Lavaca Indians : RHP Toby Blythe
|
Batting: RHB Omar Interiano
|
0-0: Ball 1-0: Ground out 5-3 (Groundball, 56S, EV 65.6 MPH)
|
Batting: RHB Jose Mantilla
|
0-0: Ball 1-0: Ball 2-0: Called Strike 2-1: Ball 3-1: Ground out 3-1 (Groundball, 34, EV 77.5 MPH)
|
Batting: RHB Carlos Garcia
|
0-0: Called Strike 0-1: Ball 1-1: Foul Ball, location: 2F 1-2: Foul Ball, location: 2F 1-2: Ball 2-2: Ball 3-2: Base on Balls
|
Batting: RHB John Roberts
|
0-0: Ball 1-0: Foul Ball, location: 2F 1-1: Swinging Strike 1-2: Foul Ball, location: 2F 1-2: Strikes out swinging
|
Top of the 5th over - 0 runs, 0 hits, 0 errors, 1 left on base; St. Pete 1 - Port Lavaca 2 |
BOTTOM OF THE 5TH |
Port Lavaca Indians batting - Pitching for St. Pete Cardinals : LHP Hugo Torre
|
Batting: RHB Robert Mills
|
0-0: Called Strike 0-1: Ball 1-1: Foul Ball, location: 2F 1-2: Ball 2-2: Ball 3-2: Base on Balls
|
Batting: LHB Wally Joyner
|
0-0: Ball 1-0: Fly out, F4 (Flyball, 3D, EV 96.9 MPH)
|
Batting: SHB John Rigos
|
0-0: Ball 1-0: Ball 2-0: Ball 3-0: Called Strike 3-1: DOUBLE (Flyball, 8RXD, EV 97.5 MPH) Robert Mills to third
|
Batting: RHB Robbie Wine
|
0-0: Called Strike 0-1: TRIPLE (Flyball, 8RXD, EV 106.3 MPH) Robert Mills scores John Rigos scores
|
Batting: LHB William Tirado
|
0-0: Called Strike 0-1: Called Strike 0-2: Strikes out swinging
|
Batting: SHB Ruben Sierra
|
0-0: Swinging Strike 0-1: Swinging Strike 0-2: Ball 1-2: Ball 2-2: Foul Ball, location: 2F 2-2: Ball 3-2: Strikes out swinging
|
Bottom of the 5th over - 2 runs, 2 hits, 0 errors, 1 left on base; St. Pete 1 - Port Lavaca 4 |
TOP OF THE 6TH |
St. Pete Cardinals batting - Pitching for Port Lavaca Indians : RHP Toby Blythe
|
Batting: RHB Victor Jimenez
|
0-0: Ball 1-0: Ball 2-0: Foul Ball, location: 2F 2-1: Fly out, F8 (Flyball, 8RD, EV 98.1 MPH)
|
Batting: RHB Joe Scime
|
0-0: Foul Ball, location: 2F 0-1: Swinging Strike 0-2: Ball 1-2: Ball 2-2: Ball 3-2: Foul Ball, location: 2F 3-2: Foul Ball, location: 2F 3-2: Base on Balls
|
Batting: SHB Mickey Riley
|
0-0: Ball 1-0: Fly out, F3 (Line Drive, 3, EV 68.1 MPH)
|
Batting: RHB John Marquardt
|
0-0: Ball 1-0: Swinging Strike 1-1: Ground out 5-3 (Groundball, 56, EV 108.1 MPH)
|
Top of the 6th over - 0 runs, 0 hits, 0 errors, 1 left on base; St. Pete 1 - Port Lavaca 4 |
BOTTOM OF THE 6TH |
Port Lavaca Indians batting - Pitching for St. Pete Cardinals : LHP Hugo Torre
|
Batting: RHB Jeffrey Rhodes
|
0-0: Ball 1-0: Swinging Strike 1-1: Ball 2-1: Called Strike 2-2: Ball 3-2: DOUBLE (Line Drive, 7LM, EV 105.6 MPH)
|
Batting: RHB Richard Johnson
|
0-0: Called Strike 0-1: Ball 1-1: Ball 2-1: Called Strike 2-2: Ball 3-2: Base on Balls
|
Batting: RHB Geoff Petersen
|
0-0: Ball 1-0: Ball 2-0: Foul Ball, location: 2F 2-1: Foul Ball, location: 2F 2-2: Ball 3-2: Base on Balls Jeffrey Rhodes to third Richard Johnson to second
|
Pitching: RHP Kevin Irot
|
|
Batting: RHB Robert Mills
|
0-0: SINGLE (Flyball, 89S, EV 81.9 MPH) Jeffrey Rhodes scores Richard Johnson to third Geoff Petersen to second
|
Batting: LHB Wally Joyner
|
0-0: Called Strike 0-1: Called Strike 0-2: Ground out 6-3 (Groundball, 4MS, EV 86.9 MPH) Richard Johnson scores Geoff Petersen to third Robert Mills to second
|
Batting: SHB John Rigos
|
0-0: Foul Ball, location: 2F 0-1: Ball 1-1: Ball 2-1: Ball 3-1: Base on Balls
|
Batting: RHB Robbie Wine
|
0-0: Grounds into double play, 6-4-3 (Groundball, 6, EV 99.4 MPH)
|
Bottom of the 6th over - 2 runs, 2 hits, 0 errors, 2 left on base; St. Pete 1 - Port Lavaca 6 |
TOP OF THE 7TH |
St. Pete Cardinals batting - Pitching for Port Lavaca Indians : RHP Toby Blythe
|
Batting: RHB Sal Agostinelli
|
0-0: Ball 1-0: Fly out, F8 (Flyball, 8RS, EV 73.1 MPH)
|
Batting: RHB Omar Interiano
|
0-0: Swinging Strike 0-1: Swinging Strike 0-2: Strikes out swinging
|
Batting: RHB Jose Mantilla
|
0-0: Called Strike 0-1: Foul Ball, location: 2F 0-2: SINGLE (Flyball, 3D, EV 88.8 MPH)
|
Batting: RHB Carlos Garcia
|
0-0: Swinging Strike 0-1: Ball 1-1: Fly out, F9 (Flyball, 9LM, EV 88.8 MPH)
|
Top of the 7th over - 0 runs, 1 hit, 0 errors, 1 left on base; St. Pete 1 - Port Lavaca 6 |
BOTTOM OF THE 7TH |
Port Lavaca Indians batting - Pitching for St. Pete Cardinals : RHP Kevin Irot
|
Batting: LHB William Tirado
|
0-0: Ball 1-0: Ball 2-0: Ball 3-0: Called Strike 3-1: Foul Ball, location: 2F 3-2: Ground out 6-3 (Groundball, 56, EV 90.6 MPH)
|
Batting: SHB Ruben Sierra
|
0-0: Called Strike 0-1: Ball 1-1: Foul Ball, location: 2F 1-2: Ball 2-2: Strikes out swinging
|
Batting: RHB Jeffrey Rhodes
|
0-0: Ball 1-0: Ball 2-0: Called Strike 2-1: Fly out, F4 (Popup, 4D, EV 45.6 MPH)
|
Bottom of the 7th over - 0 runs, 0 hits, 0 errors, 0 left on base; St. Pete 1 - Port Lavaca 6 |
TOP OF THE 8TH |
St. Pete Cardinals batting - Pitching for Port Lavaca Indians : RHP Toby Blythe
|
Batting: RHB John Roberts
|
0-0: SINGLE (Flyball, 5D, EV 91.9 MPH)
|
Batting: RHB Victor Jimenez
|
0-0: Called Strike 0-1: Grounds into double play, 3-6-3 (Groundball, 3, EV 105.0 MPH)
|
Batting: RHB Joe Scime
|
0-0: Called Strike 0-1: Ball 1-1: Ball 2-1: Foul Ball, location: 2F 2-2: Ball 3-2: Foul Ball, location: 2F 3-2: Fly out, F8 (Flyball, 89M, EV 81.9 MPH)
|
Top of the 8th over - 0 runs, 1 hit, 0 errors, 0 left on base; St. Pete 1 - Port Lavaca 6 |
BOTTOM OF THE 8TH |
Port Lavaca Indians batting - Pitching for St. Pete Cardinals : RHP Kevin Irot
|
Batting: RHB Richard Johnson
|
0-0: Swinging Strike 0-1: Foul Ball, location: 2F 0-2: Ball 1-2: Ball 2-2: Foul Ball, location: 2F 2-2: Strikes out swinging
|
Batting: RHB Geoff Petersen
|
0-0: Called Strike 0-1: Ground out 2-3 (Groundball, 2R, EV 70.6 MPH)
|
Batting: RHB Robert Mills
|
0-0: Ball 1-0: Ball 2-0: Ball 3-0: Base on Balls
|
Batting: LHB Wally Joyner
|
0-0: Ball 1-0: Ball 2-0: Ball 3-0: Called Strike 3-1: Fly out, F5 (Popup, 5F, EV 65.0 MPH)
|
Bottom of the 8th over - 0 runs, 0 hits, 0 errors, 1 left on base; St. Pete 1 - Port Lavaca 6 |
TOP OF THE 9TH |
St. Pete Cardinals batting - Pitching for Port Lavaca Indians : RHP Toby Blythe
|
Batting: SHB Mickey Riley
|
0-0: Ball 1-0: Swinging Strike 1-1: Ball 2-1: Ball 3-1: Foul Ball, location: 2F 3-2: Base on Balls
|
Batting: RHB John Marquardt
|
0-0: Called Strike 0-1: Ball 1-1: Foul Ball, location: 2F 1-2: Foul Ball, location: 2F 1-2: Ball 2-2: Ball 3-2: Base on Balls Mickey Riley to second
|
Batting: RHB Sal Agostinelli
|
0-0: Called Strike 0-1: Called Strike 0-2: Fly out, F8 (Flyball, 8LM, EV 83.8 MPH)
|
Batting: RHB Omar Interiano
|
0-0: Ball 1-0: Ball 2-0: Ball 3-0: Called Strike 3-1: Grounds into double play, 6-4-3 (Groundball, 6, EV 86.9 MPH)
|
Top of the 9th over - 0 runs, 0 hits, 0 errors, 1 left on base; St. Pete 1 - Port Lavaca 6 |
|